 Dungeon Crawl Stone Soup version 0.30-a0-782-ge64f9170bb (webtiles) character file.

Game seed: 5951002589399972316

8611 Darkkill the Fighter (level 11, -5/101 HPs)
             Began as a Minotaur Hunter on Feb 18, 2023.
             Was an Initiate of Yredelemnul.
             Shot with a bolt by an orc warrior (18 damage)
             ... on level 1 of the Orcish Mines.
             The game lasted 00:20:15 (9882 turns).

Darkkill the Fighter (Minotaur Hunter)              Turns: 9882, Time: 00:20:16

Health: -5/101     AC:  8    Str: 16    XL:     11   Next: 12%
Magic:  10/10      EV: 17    Int:  6    God:    Yredelemnul [......]
Gold:   655        SH:  0    Dex: 18    Spells: 10/10 levels left

rFire   . . .      SeeInvis +    a - +4 shortbow
rCold   . . .      Faith    +    (shield currently unavailable)
rNeg    . . .      Spirit   .    c - +0 leather armour
rPois   .          Reflect  .    (helmet restricted)
rElec   .          Harm     .    p - +1 cloak
rCorr   .          Rampage  .    i - +0 pair of gloves
Will    .....                    k - +1 pair of boots
Stlth   ++++                     f - amulet of faith
HPRegen 0.36/turn                g - ring of see invisible
MPRegen 0.12/turn                (no ring)

@: about to teleport
A: horns 2, retaliatory headbutt
a: Renounce Religion, Recall Undead Harvest


You were on level 1 of the Orcish Mines.
You worshipped Yredelemnul.
Yredelemnul was noncommittal.
You visited 2 branches of the dungeon, and saw 12 of its levels.

You collected 655 gold pieces.

Inventory:

Hand Weapons
 a - a +4 shortbow (weapon)
Missiles
 d - 90 stones
 m - 3 boomerangs of dispersal {=f !f}
 q - 6 atropa-tipped darts
 v - 26 poisoned darts
 w - 6 boomerangs
 E - a curare-tipped dart {=f !f}
Armour
 c - a +0 leather armour (worn)
 i - a +0 pair of gloves (worn)
 k - a +1 pair of boots (worn)
 p - a +1 cloak (worn)
Jewellery
 f - an amulet of faith (around neck)
 g - a ring of see invisible (left hand)
Wands
 j - a wand of digging (22)
 o - a wand of polymorph (11)
 B - a wand of iceblast (3)
 D - a wand of charming (4)
Scrolls
 b - 3 scrolls of immolation
 n - 2 scrolls of amnesia
Potions
 l - a potion of resistance
 r - a potion of brilliance
 s - a potion of invisibility
 u - 2 potions of haste
 x - 3 potions of flight
 z - 2 potions of magic
 A - 2 potions of attraction
 C - a potion of lignification {unknown}
Miscellaneous
 y - a box of beasts (inert)


   Skills:
 + Level 10.7 Fighting
 + Level 10.5 Ranged Weapons
 + Level 9.8 Dodging
 + Level 8.0 Stealth


You had 10 spell levels left.
You didn't know any spells.
Your spell library contained the following spells:

 Spells                   Type           Power      Damage    Failure   Level
 Sandblast                Erth           0%         2d4       52%         1
 Shock                    Conj/Air       0%         1d3       52%         1
 Passwall                 Tmut/Erth      0%         N/A       67%         2
 Scorch                   Fire           0%         2d5       67%         2
 Stone Arrow              Conj/Erth      0%         3d7       88%         3
 Swiftness                Air            0%         N/A       88%         3
 Airstrike                Air            0%         2d(0-16)  99%         4
 Flame Wave               Conj/Fire      0%         2d4       99%         4
 Summon Cactus Giant      Summ           0%         N/A       100%        6


Dungeon Overview and Level Annotations

Branches:
Dungeon (11/15)            Temple (0/1) D:4             Orc (1/2) D:11
   Lair: D:8-11

Altars:
Ashenzari
Dithmenos
Fedhas
Gozag
Hepliaklqana
Nemelex Xobeh
Qazlal
Uskayaw
Vehumet
Wu Jian
Yredelemnul

Shops:
D:4 (   D:8 [

Annotations:
D:10 4 runed translucent doors
D:11 2 transporters, Beavis's ghost, journeyman DsHu


Innate Abilities, Weirdness & Mutations

You have a pair of horns on your head.
You reflexively headbutt those who attack you in melee.


Message History

As you read the scroll of teleportation, it crumbles to dust.
You feel strangely unstable. The warg barely misses you.
The orc priest hits your orc wizard zombie with a +0 dagger.
The orc warrior hits you with a +0 flail!
An orc wizard comes into view.
It is wielding a +2 dagger of holy wrath.
The orc warrior shoots a bolt.
The bolt misses you.
Your orc wizard zombie hits the orc priest but does no damage.
Your orc priest zombie completely misses the orc priest.
Found 21 gold pieces.
The warg bites you.
The orc priest hits your orc wizard zombie with a +0 dagger.
Things that are here:
a +0 dagger; a +0 robe The orc warrior attacks as you move away!
The orc warrior unwields a +0 arbalest.
The orc warrior wields a +0 flail.
The orc warrior closely misses you.
Your surroundings suddenly seem different.
An orc wizard, 2 orc warriors, 6 orcs and 2 orc priests come into view.
An orc warrior is wielding a +0 battleaxe and wearing a +0 chain mail of fire resistance.
The orc wizard is wielding a +2 dagger of electrocution.
An orc warrior is wielding a +0 hand axe of electrocution.
Found 68 gold pieces.
Found a stone staircase leading down.
The orc warrior shouts!
The orc wizard shouts!
An orc priest comes into view. It is wielding a +0 hand axe.
The orc shouts! x3; The orc priest shouts!
As you read the scroll of teleportation, it crumbles to dust.
You feel strangely unstable.
The orc shouts!
The orc warrior shouts!
The orc priest looks braver for a moment.
The orc throws a boomerang.
The boomerang closely misses you.
The orc priest shouts!
The orc wizard hits you with a +2 dagger of electrocution.
Your surroundings suddenly seem different.
An orc wizard comes into view. It is wielding a +0 dagger.
Fire: a) +4 shortbow
Press: ? - help, Q - select action, (/) - cycle Shift-Dir - straight line, f - orc wizard
Aim: an orc wizard, wielding a +0 dagger and wearing a +0 robe (69% to hit)
You shoot an arrow. The arrow hits the orc wizard!
The orc wizard is severely wounded.
An orc wizard comes into view. It is wielding a +0 dagger.
Fire: a) +4 shortbow
Press: ? - help, Q - select action, (/) - cycle Shift-Dir - straight line, f/p - orc wizard
Aim: an orc wizard, wielding a +0 dagger and wearing a +0 robe (severely wounded, 69% to hit)
You shoot an arrow. The orc wizard shouts!
The arrow hits the orc wizard.
You kill the orc wizard!
The dead are walking!
Fire: a) +4 shortbow
Press: ? - help, Q - select action, (/) - cycle Shift-Dir - straight line, f - orc wizard
Aim: an orc wizard, wielding a +0 dagger and wearing a +0 robe (ally target, 69% to hit)
You shoot an arrow. The arrow hits the orc wizard!
You kill the orc wizard!
The dead are walking!
Fire: a) +4 shortbow
Press: ? - help, Q - select action, (/) - cycle Shift-Dir - straight line, f - you Really target yourself? [Y]es or [N]o only, please.
Really target yourself?
Okay, then.
An orc comes into view. It is wielding a +0 hand axe.
An orc wizard comes into view. It is wielding a +0 dagger.
An orc warrior comes into view. It is wielding a +0 trident.
The orc warrior unwields a +0 trident.
The orc warrior wields a +0 arbalest.
The orc warrior shoots a bolt.
The bolt hits your orc wizard zombie!
The orc warrior shoots a bolt.
The bolt hits your orc wizard zombie!
Your orc wizard zombie is destroyed!
The orc warrior shoots a bolt.
The bolt closely misses you. The orc attacks as you move away!
The orc hits you with a +0 hand axe.
The orc barely misses your orc wizard zombie.
The orc wizard closely misses your orc wizard zombie.
The orc warrior shoots a bolt.
The bolt hits your orc wizard zombie!!
You shoot an arrow. The arrow barely misses the orc.
The orc hits you but does no damage.
The orc hits your orc wizard zombie with a +0 hand axe.
Your orc wizard zombie barely misses the orc.
You shoot an arrow. The arrow barely misses the orc.
The orc barely misses you. You furiously retaliate!
You headbutt the orc.
The orc hits your orc wizard zombie with a +0 hand axe.
Your orc wizard zombie is destroyed!
The orc warrior shoots a bolt.
The bolt hits you!!
* * * LOW HITPOINT WARNING * * *
You shoot an arrow. The arrow hits the orc!
You kill the orc!
As you read the scroll of teleportation, it crumbles to dust.
You feel strangely unstable. The orc warrior misses you.
The orc warrior misses you. The orc wizard casts a spell at you.
You easily resist.
You see here a +0 hand axe.
The orc wizard casts a spell at you. The puff of flame misses you.
The orc warrior barely misses you.
The orc warrior unwields a +0 arbalest.
The orc warrior wields a +0 trident.
The orc warrior closely misses you.
The orc warrior attacks as you move away!
The orc warrior hits you with a +0 trident!
* * * LOW HITPOINT WARNING * * *
The orc wizard points at you and mumbles some strange words.
You easily resist.
The orc warrior barely misses you.
The orc warrior unwields a +0 trident.
The orc warrior wields a +0 arbalest.
The orc warrior shoots a bolt.
The bolt hits you!!
You die...
Your body rises from the dead as a mindless zombie.

. #. ###.# #....#
........#.####
...........#.##
..............####
...#..#.......##.##
....#..#......oo@.#
........#......#.##
.).....#..o....o##
o.)o#.##...)...##
).#.......#)#.##
..o..........##
............#
....#....#..
........ ..


You could see 2 orc warriors and 2 orc wizards.

Vanquished Creatures
  Pikel (D:5)
  Maggie (D:8)
  A troll (D:10)
  Prince Ribbit (D:7)
  A hornet (D:10)
  A shadow (D:10)
  2 vampires
  4 wyverns
  A steam dragon (D:9)
  A water moccasin (D:6)
  Duvessa (D:6)
  3 orc warriors
  An ice beast (D:8)
  3 sky beasts
  3 black bears
  A centaur (D:5)
  3 ogres
  2 phantoms
  2 gnoll sergeants
  2 kobold brigands
  2 scorpions (D:5)
  7 killer bees (D:9)
  4 howler monkeys
  4 hounds
  2 jellies
  3 orc priests
  An iguana (D:4)
  8 orc wizards
  5 gnolls (D:10)
  7 adders
  2 river rats (D:4)
  A shadow imp (D:7)
  2 white imps
  An ufetubus (D:7)
  3 worms (D:2)
  3 dart slugs
  25 orcs
  5 endoplasms
  7 giant cockroaches
  6 goblins
  9 hobgoblins
  6 jackals
  A quokka (D:1)
  8 ball pythons
  6 bats
  4 frilled lizards
  8 kobolds
  7 rats
182 creatures vanquished.

Vanquished Creatures (collateral kills)
  A two-headed ogre (D:10)
  A wyvern (D:9)
  7 yaks
  A centaur (D:9)
  A kobold brigand (D:7)
  A bullfrog (D:7)
  A necrophage (D:7)
  Dowan (D:6)
  3 wights (D:8)
  7 killer bees (D:9)
  A howler monkey (D:6)
  A jelly (D:6)
  2 orc priests
  A gnoll bouda (D:8)
  Ijyb (D:5)
  2 orc wizards
  An adder (D:3)
  3 gnolls (D:8)
  2 white imps (D:7)
  An ufetubus (D:5)
  5 orcs
  A ball python (D:2)
  An endoplasm (D:2)
  A giant cockroach (D:4)
  6 kobolds
53 creatures vanquished.

Vanquished Creatures (others)
  A yak (D:11)
  2 wyvern zombies (D:9)
  A water moccasin zombie (D:6)
  3 yak zombies
  A troll zombie (D:10)
  A centaur zombie (D:9)
  2 black bear zombies
  8 kobold zombies
  An orc wizard (Orc:1)
  10 killer bee zombies (D:9)
  An ice beast zombie (D:8)
  2 hound zombies (D:5)
  2 howler monkey zombies
  An elf zombie (D:6)
  2 adder zombies (D:5)
  A jelly zombie (D:5)
  A spectral shadow imp (D:7)
  A spectral white imp (D:7)
  5 gnoll zombies
  3 ball python zombies
  A giant cockroach zombie (D:4)
  2 goblin zombies
  A hobgoblin zombie (D:3)
  23 orc zombies
76 creatures vanquished.

Grand Total: 311 creatures vanquished

Notes
Turn   | Place    | Note
-------+----------+-------------------------------------------
     0 | D:1      | Darkkill the Minotaur Hunter began the quest for the Orb.
     0 | D:1      | Reached XP level 1. HP: 18/18 MP: 0/0
   103 | D:1      | Reached skill level 1 in Stealth
   137 | D:1      | Reached XP level 2. HP: 25/25 MP: 1/1
   708 | D:2      | Reached XP level 3. HP: 31/31 MP: 2/2
   759 | D:2      | Found a faded altar of an unknown god.
   817 | D:2      | Prayed at the altar of an unknown god.
   817 | D:2      | Became a worshipper of Yredelemnul the Dark
   817 | D:2      | Reached * piety under Yredelemnul
   971 | D:2      | Reached XP level 4. HP: 38/38 MP: 3/3
  1101 | D:2      | Reached ** piety under Yredelemnul
  1478 | D:3      | Reached skill level 5 in Ranged Weapons
  1898 | D:4      | Noticed an ogre
  1902 | D:4      | Killed an ogre
  1903 | D:4      | Reached XP level 5. HP: 46/46 MP: 4/4
  1980 | D:4      | Found Waosim's Antique Weapon Emporium.
  2225 | D:4      | Found a staircase to the Ecumenical Temple.
  2329 | D:4      | Noticed a phantom
  2341 | D:4      | Killed a phantom
  2342 | D:4      | Reached XP level 6. HP: 39/52 MP: 5/5
  2872 | D:5      | Entered Level 5 of the Dungeon
  3307 | D:5      | Reached skill level 5 in Fighting
  3307 | D:5      | Reached XP level 7. HP: 61/61 MP: 6/6
  3331 | D:5      | Found a stormy altar of Qazlal.
  3476 | D:5      | Noticed Pikel
  3478 | D:5      | Reached skill level 5 in Dodging
  3494 | D:5      | Killed Pikel
  3495 | D:5      | Reached XP level 8. HP: 31/71 MP: 7/7
  3905 | D:5      | Found a sparkling altar of Nemelex Xobeh.
  3905 | D:5      | Noticed Ijyb
  3918 | D:5      | Killed Ijyb
  3947 | D:5      | Your ally Ijyb died
  3952 | D:5      | Your ally Pikel died
  4095 | D:6      | Noticed Duvessa
  4101 | D:6      | Noticed Dowan
  4109 | D:6      | Killed Duvessa
  4110 | D:6      | Reached skill level 5 in Stealth
  4119 | D:6      | Killed Dowan
  4160 | D:6      | Your ally Duvessa died
  4206 | D:6      | HP: 10/73 [vampire/vampiric draining (11)]
  4217 | D:6      | Reached XP level 9. HP: 37/79 MP: 8/8
  4634 | D:6      | Found an ornate altar of the Wu Jian Council.
  5018 | D:7      | Found an opulent altar of Gozag.
  5198 | D:7      | Noticed Prince Ribbit
  5215 | D:7      | Killed Prince Ribbit
  5231 | D:7      | Reached *** piety under Yredelemnul
  5629 | D:5      | You fall into a shaft and drop 2 floors!
  5951 | D:8      | Noticed Maggie
  5966 | D:8      | Killed Maggie
  5967 | D:8      | Reached XP level 10. HP: 88/91 MP: 9/9
  6268 | D:8      | Found Ummiuvoa's Antique Armour Emporium.
  6651 | D:9      | Reached skill level 10 in Fighting
  6651 | D:9      | Reached skill level 10 in Ranged Weapons
  6651 | D:9      | Reached **** piety under Yredelemnul
  6772 | D:9      | Reached ***** piety under Yredelemnul
  6778 | D:9      | Found a broken altar of Ashenzari.
  6803 | D:9      | Found a shadowy altar of Dithmenos.
  6984 | D:9      | Found a hazy altar of Hepliaklqana.
  6984 | D:9      | Found a radiant altar of Vehumet.
  6984 | D:9      | Found a basalt altar of Yredelemnul.
  7099 | D:9      | Found a blossoming altar of Fedhas.
  7294 | D:10     | Entered Level 10 of the Dungeon
  7666 | D:10     | Found a huge runed translucent gate.
  7667 | D:10     | Found a huge runed translucent gate.
  7668 | D:10     | Found a huge runed translucent gate.
  7669 | D:10     | Found a huge runed translucent gate.
  8145 | D:10     | Noticed a two-headed ogre
  8163 | D:10     | Killed a two-headed ogre
  8164 | D:10     | Reached XP level 11. HP: 35/101 MP: 10/10
  8176 | D:10     | Found a hide-covered altar of Uskayaw.
  8375 | D:10     | Paralysed by a hornet for 2 turns
  9153 | D:11     | Found a transporter.
  9153 | D:11     | Noticed a two-headed ogre
  9154 | D:11     | Noticed Beavis's ghost (journeyman DsHu)
  9155 | D:11     | Noticed a two-headed ogre
  9155 | D:11     | Identified the +9 great mace "Bamosokh" {pain, Int+5 SInv}
  9155 | D:11     | Identified the +8 dire flail "Lahi" {spect, rN+ rCorr}
  9155 | D:11     | Noticed a two-headed ogre
  9156 | D:11     | Noticed a two-headed ogre
  9156 | D:11     | Noticed a two-headed ogre
  9198 | D:11     | Found a transporter.
  9244 | D:11     | Noticed a boulder beetle
  9272 | D:11     | HP: 13/101 [boulder beetle (35)]
  9508 | D:11     | Noticed a boulder beetle
  9532 | D:11     | HP: 13/101 [yak (13)]
  9535 | D:11     | HP: 6/101 [yak (2)]
  9828 | D:11     | Found a staircase to the Orcish Mines.
  9835 | Orc:1    | Entered Level 1 of the Orcish Mines
  9877 | Orc:1    | HP: 20/101 [orc warrior/bolt (18)]
  9882 | Orc:1    | HP: 13/101 [orc warrior/+0 trident (9)]
  9882 | Orc:1    | Shot with a bolt by an orc warrior

Illustrated notes

Levels and vault maps discovered:
D:1:      dpeg_arrival_solitude, layout_rooms, minmay_stone_trees_medium,
          dreamdust_princess_bridge
D:2:      layout_loops_cross, ebering_ecumenical_altar_mist
D:3:      layout_rooms
D:4:      layout_basic, minmay_temple_entry_butterflies, serial_shops,
          nicolae_shop_trees, portal_sewer_entry_e, st_stairs_8
D:5:      layout_gridville, nemelex_xobeh_ov_fountains_minmay,
          nicolae_qazlal_scattered_showers, kennysheep_doodads, uniq_ijyb,
          uniq_pikel
D:6:      layout_basic, mainiacjoe_overflow_small_starburst,
          minmay_fountain_box, minmay_microvault, uniq_duvessa
D:7:      layout_rooms, nicolae_gozag_cash_rules_everything_around_me,
          uniq_prince_ribbit1
D:8:      layout_gridville, serial_shops, nicolae_shop_stone, uniq_maggie
D:9:      layout_rooms, nicolae_dithmenos_the_darkroom,
          nicolae_overflow_hidden_temple, ashenzari_altar_1,
          gammafunk_temple_overflow_claw
D:10:     lemuel_bear_cage, layout_stronghold, lemuel_coloured_pillars_altar,
          serial_rivers, chequers_serial_rivers_small_a,
          chequers_serial_rivers_micro_b, chequers_serial_rivers_large_a,
          chequers_serial_rivers_room_a, chequers_serial_rivers_room_a,
          chequers_serial_rivers_micro_a
D:11:     layout_loops_corners, lair_entry_dummy, orc_0_dummy,
          gammafunk_ghost_smash, chequers_serial_rivers_micro_d,
          minmay_misc_feat_four_crosses, hellmonk_bongcloud_opening,
          minivault_15, corexii_corridor_pit
Orc:1:    layout_caves, gammafunk_ghost_arena

Skill      XL: |  1  2  3  4  5  6  7  8  9 10 11 |
---------------+----------------------------------+-----
Stealth        | 1 2 3 4 5 6 7 8 |  8.0
Fighting       | 3 4 5 6 7 9 10 | 10.7
Dodging        | 3 4 5 6 8 9 |  9.8
Ranged Weapons | 5 6 7 9 10 | 10.5

Action                     |  1- 3 |  4- 6 |  7- 9 | 10-12 || total
---------------------------+-------+-------+-------+-------++-------
   Fire: Shortbow          |    80 |    99 |   237 |   214 ||   630
 Invoke: Dark Bargain      |       |       |     1 |       ||     1
  Evoke: Box of beasts     |       |       |       |     1 ||     1
         Wand              |       |       |       |     3 ||     3
    Use: Scroll            |     5 |     9 |     4 |    10 ||    28
         Potion            |       |       |     1 |     8 ||     9
 Armour: Leather armour    |     6 |    13 |    42 |    43 ||   104
  Dodge: Dodged            |    15 |    21 |   135 |   212 ||   383

Table legend: (Time is in decaauts)
 A = Elapsed time spent in this place.
 B = Non-inter-level travel time spent in this place.
 C = Inter-level travel time spent in this place.
 D = Time resting spent in this place.
 E = Time spent auto-exploring this place.
 F = Levels seen in this place.
 G = Mean time per level.
                   A        B        C        D        E       F      G
               +--------+--------+--------+--------+--------+-----+--------+
         Total |  10003 |   9096 |    907 |    379 |   6545 |  12 |  833.6 |
       Dungeon |   9956 |   9049 |    907 |    379 |   6545 |  11 |  905.1 |
  Orcish Mines |     47 |     47 |      0 |      0 |      0 |   1 |   47.0 |
               +--------+--------+--------+--------+--------+-----+--------+

Top non-repeatable levels by time:
    D:10: 1531 daAuts
     D:5: 1249 daAuts
     D:4: 1119 daAuts
     D:8: 970 daAuts
     D:9: 862 daAuts
     D:6: 844 daAuts
     D:7: 748 daAuts
     D:2: 745 daAuts
    D:11: 719 daAuts
     D:1: 696 daAuts
     D:3: 468 daAuts
   Orc:1: 47 daAuts

Table legend:
 A = Kills in this place as a percentage of kills in entire the game.
 B = Kills by you in this place as a percentage of kills by you in the entire game.
 C = Kills by friends in this place as a percentage of kills by friends in the entire game.
 D = Other kills in this place as a percentage of other kills in the entire game.
 E = Experience gained in this place as a percentage of experience gained in the entire game.
 F = Experience gained in this place divided by the number of levels of this place that you have seen.
                   A       B       C       D       E      F
               +-------+-------+-------+-------+-------+----------------------
         Total | 100.0 | 100.0 | 100.0 | 100.0 | 100.0 | 1025.2
       Dungeon |  96.6 |  95.6 | 100.0 | 100.0 |  97.9 | 1094.9
  Orcish Mines |   3.4 |   4.4 |   0.0 |   0.0 |   2.1 | 258.0
               +-------+-------+-------+-------+-------+----------------------
